 Dungeon Crawl Stone Soup version 0.30-a0-51-g784eafce7f (webtiles) character file.

Game seed: 101290930699420337

2060 King123 the Covered (level 9, -5/55 (59) HPs)
             Began as a Vampire Fighter on Sept 5, 2022.
             Was a Priest of Hepliaklqana.
             Shot with an arrow by a centaur (7 damage)
             ... on level 7 of the Dungeon.
             The game lasted 00:38:39 (6455 turns).

King123 the Covered (Vampire Fighter)               Turns: 6455, Time: 00:38:39

HP:   -5/55 (59)    AC:  7    Str: 19    XL:     9   Next: 5%
MP:   9/9           EV: 11    Int: 10    God:    Hepliaklqana [***...]
Gold: 90            SH:  5    Dex: 14    Spells: 8/8 levels left

rFire   . . .      SeeInvis +    r - +2 short sword (venom)
rCold   . . .      Faith    .    c - +0 buckler
rNeg    . . .      Spirit   .    b - +0 scale mail
rPois   .          Reflect  .    (no helmet)
rElec   .          Harm     .    (no cloak)
rCorr   .          Rampage  .    (no gloves)
Will    .....                    (no boots)
Stlth   ..........               (no amulet)
HPRegen 0.38/turn                (no ring)
MPRegen 0.11/turn                (no ring)

@: healing quickly, drained
A: reduced essence, alive, fangs 3, see invisible, vampiric 2
a: Exsanguinate, Renounce Religion, Recall Ancestor, Ancestor Identity,
Transference


You were on level 7 of the Dungeon.
You worshipped Hepliaklqana.
Hepliaklqana was most pleased with you.
You visited 1 branch of the dungeon, and saw 7 of its levels.

You collected 337 gold pieces.
You spent 247 gold pieces at shops.

Inventory:

Hand Weapons
 a - a +1 war axe of draining
 q - a +1 battleaxe of holy wrath
 r - a +2 short sword of venom (weapon)
Armour
 b - a +0 scale mail (worn)
 c - a +0 buckler (worn)
Jewellery
 l - a ring of ice
Scrolls
 i - 2 scrolls of amnesia
 j - 5 scrolls of identify
 n - a scroll of teleportation
 o - a scroll of magic mapping
Potions
 d - 2 potions of might
 e - 4 potions of magic {unknown}
 f - 2 potions of curing {unknown}
 g - a potion of cancellation {unknown}
 h - a potion of berserk rage
 k - a potion of attraction {unknown}
 m - a potion of invisibility {unknown}
 p - a potion of heal wounds {unknown}
 s - a potion of degeneration {unknown}


   Skills:
 + Level 4.5 Fighting
 + Level 2.8 Short Blades
 + Level 6.0 Axes
 + Level 6.2 Armour
 + Level 3.7 Dodging
 + Level 1.4 Stealth
 + Level 4.4 Shields


You had 8 spell levels left.
You didn't know any spells.
Your spell library contained the following spells:

 Spells                   Type           Power      Damage    Failure   Level
 Sandblast                Erth           0%         2d4       80%         1
 Passwall                 Tmut/Erth      0%         N/A       90%         2
 Frozen Ramparts          Ice            0%         1d1       99%         3
 Stone Arrow              Conj/Erth      0%         3d7       99%         3
 Ice Form                 Ice/Tmut       0%         N/A       100%        4
 Summon Ice Beast         Ice/Summ       0%         N/A       100%        4


Dungeon Overview and Level Annotations

Branches:
Dungeon (7/15)             Temple (0/1) D:6

Altars:
Hepliaklqana

Shops:
D:2 (


Innate Abilities, Weirdness & Mutations

Your life essence is reduced to manifest your ancestor. (-10% HP)
Your natural rate of healing is accelerated.
You have razor-sharp teeth.
You have supernaturally acute eyesight. (SInv)
You are afflicted with vampirism and can become a bat while bloodless.


Message History

* * * LOW HITPOINT WARNING * * *
You feel drained.
* * * LOW HITPOINT WARNING * * *
The wight hits miki with a +0 hand axe.
As you read the scroll of teleportation, it crumbles to dust.
You feel strangely unstable.
Miki points at the wight and mumbles some strange words.
The stone arrow hits the wight!
The wight is destroyed!
The wight closely misses you. The wight hits you but does no damage.
The wight hits miki with a +0 hand axe.
Okay, then.
Miki hits the wight but does no damage.
The wight closely misses you.
The wight hits miki with a +0 hand axe.
The wight attacks as you move away! The wight hits you with a +0 hand axe.
* * * LOW HITPOINT WARNING * * *
You feel drained.
* * * LOW HITPOINT WARNING * * *
The wight closely misses miki.
Your surroundings suddenly seem different.
A shadow imp comes into view.
The shadow imp shouts!
You hear a shout! x2
The shadow imp shouts, "Face thy fugue, thou impertinent kobold-kissing whey-face!"
A bullfrog comes into view.
The bullfrog gives a loud, deep croak!
You hear a shout!
A centaur comes into view.
The centaur shouts!
The centaur wields a +0 shortbow.
The centaur shoots an arrow.
You block the arrow. The bullfrog hits you.
* * * LOW HITPOINT WARNING * * *
You closely miss the bullfrog.
The centaur shoots an arrow.
The arrow hits you but does no damage. The bullfrog hits you.
* * * LOW HITPOINT WARNING * * *
The centaur shoots an arrow.
The arrow hits you!
* * * LOW HITPOINT WARNING * * *
You puncture the bullfrog!
The bullfrog is poisoned.
You bite the bullfrog.
The bullfrog is moderately wounded.
The bullfrog hits you but does no damage.
The centaur shoots an arrow.
The arrow hits you!
You die...

#c ### #.
#..#
#.###...#
####..#...#
....#.5.#
#..#..##
#.###.#####.#
#.@F5........
#####........
##.......
.###..# ## ##


You could see a bullfrog (very poisoned), a centaur and a shadow imp.

Vanquished Creatures
  A black bear (D:4)
  2 scorpions
  An orc priest (D:4)
  2 iguanas (D:6)
  3 orc wizards
  A gnoll (D:5)
  5 adders
  An ufetubus (D:6)
  4 worms
  2 dart slugs
  6 orcs
  2 ball pythons (D:1)
  7 bats
  2 endoplasms
  4 giant cockroaches
  7 hobgoblins
  2 quokkas
  6 frilled lizards
  A goblin (D:2)
  6 kobolds
  5 rats
  A bush (D:1)
71 creatures vanquished.

Vanquished Creatures (collateral kills)
  A shadow (D:6)
  An ice beast (D:5)
  2 sky beasts
  2 centaurs (D:6)
  A phantom (D:6)
  2 bullfrogs (D:6)
  3 scorpions
  2 wights (D:7)
  An electric eel (D:6)
  2 jellies
  3 orc priests
  A hound (D:5)
  4 orc wizards
  An iguana (D:6)
  4 gnolls
  5 adders
  A shadow imp (D:5)
  A white imp (D:5)
  A dart slug (D:2)
  14 orcs
  3 bats (D:3)
  2 giant cockroaches (D:3)
  3 goblins
  2 hobgoblins
  2 quokkas (D:3)
  A rat (D:3)
65 creatures vanquished.

Vanquished Creatures (others)
  3 battlemagi
  8 plants (D:1)
11 creatures vanquished.

Grand Total: 147 creatures vanquished

Notes
Turn   | Place    | Note
-------+----------+-------------------------------------------
     0 | D:1      | King123 the Vampire Fighter began the quest for the Orb.
     0 | D:1      | Reached XP level 1. HP: 17/17 MP: 1/1
   135 | D:1      | Reached XP level 2. HP: 23/23 MP: 2/2
  1405 | D:2      | Gained mutation: You are afflicted with vampirism and can
                  | become a bat while bloodless. [Vampire growth]
  1405 | D:2      | Reached XP level 3. HP: 28/28 MP: 3/3
  1544 | D:2      | Found a faded altar of an unknown god.
  1550 | D:2      | Prayed at the altar of an unknown god.
  1550 | D:2      | Became a worshipper of Hepliaklqana the Forgotten
  1550 | D:2      | Reached * piety under Hepliaklqana
  1742 | D:2      | Found Vohul's Antique Weapon Shoppe.
  2021 | D:2      | Reached XP level 4. HP: 31/31 MP: 4/4
  2581 | D:3      | Reached ** piety under Hepliaklqana
  2582 | D:3      | Remembered your ancestor miki as a battlemage
  2623 | D:3      | Reached skill level 1 in Dodging
  3349 | D:3      | Reached XP level 5. HP: 34/36 MP: 5/5
  3446 | D:4      | Noticed a black bear
  3463 | D:4      | Killed a black bear
  3575 | D:4      | Reached XP level 6. HP: 38/42 MP: 6/6
  4249 | D:5      | Entered Level 5 of the Dungeon
  4251 | D:5      | Noticed an ice beast
  4258 | D:5      | Killed an ice beast
  4259 | D:5      | Reached skill level 1 in Stealth
  4412 | D:5      | Reached XP level 7. HP: 28/46 MP: 7/7
  4531 | D:5      | Reached skill level 5 in Axes
  4546 | D:5      | Reached *** piety under Hepliaklqana
  5200 | D:6      | Reached skill level 5 in Armour
  5200 | D:6      | Reached XP level 8. HP: 46/53 MP: 8/8
  5549 | D:2      | Bought a glowing battleaxe for 247 gold pieces
  5786 | D:6      | Found a staircase to the Ecumenical Temple.
  6039 | D:6      | Reached skill level 1 in Short Blades
  6422 | D:7      | Reached XP level 9. HP: 31/59 MP: 9/9
  6454 | D:7      | HP: 1/55 [centaur/arrow (7)]
  6455 | D:7      | Shot with an arrow by a centaur

Illustrated notes

Levels and vault maps discovered:
D:1:      minmay_arrival_split_and_join, layout_basic, serial_forest,
          infiniplex_forest_straight_1, infiniplex_forest_straight_4,
          infiniplex_forest_clump_diagonal, infiniplex_forest_corner_2,
          infiniplex_forest_clump_double, infiniplex_forest_corner_2
D:2:      layout_basic, serial_shops, nicolae_shop_hallway_plus,
          dreamdust_ecumenical_altar_angels_and_demons, minivault_19,
          grunt_decor_arrowhead
D:3:      minmay_wonky_spiral, layout_basic
D:4:      layout_loops_ring
D:5:      nicolae_BIG_FREAKIN_CUBE, layout_gridville, minivault_25
D:6:      wad_river_or_something, layout_basic,
          minmay_temple_entry_enclosed_plants, minmay_liquid_box
D:7:      minmay_the_grid_square_5x5_3x3 [minmay_the_grid_square_5x5_tie,
          minmay_the_grid_square_5x5_sharp_hourglass,
          minmay_the_grid_square_5x5_slash, minmay_the_grid_square_5x5_z,
          minmay_the_grid_square_5x5_megaprize_checkered,
          minmay_the_grid_square_5x5_three_small,
          minmay_the_grid_square_5x5_bracketed,
          minmay_the_grid_square_5x5_minimal,
          minmay_the_grid_square_5x5_broken_cross], layout_cave_pods,
          chequers_temple_overflow_minitemple

Skill      XL: |  1  2  3  4  5  6  7  8 |
---------------+-------------------------+-----
Axes           | 2 3 4 5 6 |  6.0
Shields        | 3 4 |  4.4
Fighting       | 3 4 |  4.5
Armour         | 3 4 5 6 |  6.2
Dodging        | 1 2 3 |  3.7
Stealth        | 1 |  1.4
Short Blades   | 2 |  2.8

Action                   |  1- 3 |  4- 6 |  7- 9 || total
-------------------------+-------+-------+-------++-------
Melee: War axe           |   193 |    84 |     4 ||   281
       Bite              |    28 |     2 |     6 ||    36
       Short sword       |       |       |    46 ||    46
Invok: Ancestor Identity |       |     2 |       ||     2
       Ancestor Life: Ba |       |     1 |       ||     1
  Use: Scroll            |     2 |     9 |     6 ||    17
       Potion            |       |     1 |       ||     1
Armor: Scale mail        |    70 |    47 |    23 ||   140
Dodge: Dodged            |    43 |    55 |    41 ||   139
Block: Buckler           |    27 |    28 |    18 ||    73

Table legend: (Time is in decaauts)
 A = Elapsed time spent in this place.
 B = Non-inter-level travel time spent in this place.
 C = Inter-level travel time spent in this place.
 D = Time resting spent in this place.
 E = Time spent auto-exploring this place.
 F = Levels seen in this place.
 G = Mean time per level.
                   A        B        C        D        E       F      G
               +--------+--------+--------+--------+--------+-----+--------+
         Total |   6594 |   5656 |    938 |      0 |      0 |   7 |  942.0 |
       Dungeon |   6594 |   5656 |    938 |      0 |      0 |   7 |  942.0 |
               +--------+--------+--------+--------+--------+-----+--------+

Top non-repeatable levels by time:
     D:3: 1449 daAuts
     D:1: 1426 daAuts
     D:4: 962 daAuts
     D:6: 953 daAuts
     D:2: 948 daAuts
     D:5: 811 daAuts
     D:7: 43 daAuts
